 Dungeon Crawl Stone Soup version 0.21.1-1-g345015f (webtiles) character file.

364 zishaf the Conjurer (level 6, -4/32 HPs)
             Began as a Deep Elf Conjurer on May 14, 2018.
             Was an Initiate of Vehumet.
             Slain by cardinal's ghost (6 damage)
             ... on level 4 of the Dungeon.
             The game lasted 00:07:39 (3762 turns).

zishaf the Conjurer (Deep Elf Conjurer)             Turns: 3762, Time: 00:07:39

Health: -4/32      AC:  3    Str:  5    XL:     6   Next: 39%
Magic:  7/16       EV: 14    Int: 22    God:    Vehumet [......]
Gold:   208        SH:  0    Dex: 15    Spells: 9/16 levels left

rFire    . . .     SeeInvis .   g - +0 dagger
rCold    . . .     Gourm    .   (no shield)
rNeg     . . .     Faith    .   a - +0 robe
rPois    .         Spirit   .   l - +0 helmet
rElec    .         Reflect  .   (no cloak)
rCorr    .         Harm     .   (no gloves)
MR       .....                  (no boots)
Stlth    +++.......             (no amulet)
HPRegen  0.10/turn              (no ring)
MPRegen  0.15/turn              (no ring)

@: no status effects
A: no striking features
a: Renounce Religion


You were on level 4 of the Dungeon.
You worshipped Vehumet.
Vehumet was noncommittal.
You were not hungry.

You visited 2 branches of the dungeon, and saw 5 of its levels.

You collected 208 gold pieces.

Inventory:

Hand Weapons
 g - a +0 dagger (weapon)
Armour
 a - a +0 robe (worn)
 l - a +0 helmet (worn)
Wands
 m - a wand of polymorph (17)
 q - a wand of disintegration (10)
Scrolls
 d - 2 scrolls of remove curse {unknown}
 e - 3 scrolls of identify {unknown}
 i - a scroll of amnesia {unknown}
 k - 4 scrolls of fear {unknown}
 o - 2 scrolls of magic mapping {unknown}
 p - a scroll of teleportation {unknown}
 r - 2 scrolls of enchant weapon {unknown}
 s - a scroll of fog {unknown}
Potions
 f - a potion of flight {unknown}
 h - 2 potions of berserk rage {unknown}
 j - 3 potions of mutation {unknown}
 n - 2 potions of heal wounds {unknown}
 t - a potion of haste {unknown}
 u - a potion of ambrosia {unknown}
 v - a potion of curing {unknown}
Books
 b - a book of Conjurations

   Spells                             Type                      Level
   a - Magic Dart                     Conjuration                  1
   b - Searing Ray                    Conjuration                  2
   c - Dazzling Spray                 Conjuration/Hexes            3
   d - Fulminant Prism                Conjuration/Hexes            4
   e - Force Lance                    Conjuration/Translocation    4
   f - Iskenderun's Mystic Blast      Conjuration                  4
Comestibles
 c - 5 rations


   Skills:
 - Level 4.2 Dodging
 - Level 4.4 Stealth
 + Level 5.6 Spellcasting
 + Level 5.9 Conjurations


You had 9 spell levels left.
You knew the following spells:

 Your Spells              Type           Power        Failure   Level  Hunger
a - Magic Dart            Conj           ####         1%          1    None
b - Searing Ray           Conj           ####..       1%          2    None
c - Iskenderun's Mystic   Conj           ####....     9%          4    ####...


Dungeon Overview and Level Annotations

Branches:
Dungeon (4/15)             Temple (1/1) D:4

Altars:
Dithmenos
Hepliaklqana
Qazlal
Ru
Vehumet
Xom
Yredelemnul

Shops:
D:4 :

Annotations:
D:4 cardinal's ghost, amateur DDBe


Message History

You finish channeling your searing ray.
Cardinal's ghost hits you!
Casting: Searing Ray
Confirm with . or Enter, or press ? or * to list all spells.
Aiming: Searing Ray
Press: ? - help, Shift-Dir - straight line, f/p - cardinal's ghost
Aim: cardinal's ghost (lightly damaged)
The searing ray hits cardinal's ghost.
Cardinal's ghost is moderately damaged. (Press . to maintain the ray.) Cardinal's ghost completely misses you.
The searing ray hits cardinal's ghost.
Cardinal's ghost is heavily damaged.
Cardinal's ghost yells, "Who would have thought, even in death it is a pleasure to sever!"
Cardinal's ghost hits you!
The searing ray misses cardinal's ghost.
Cardinal's ghost hits you!
* * * LOW HITPOINT WARNING * * *
The searing ray misses cardinal's ghost.
You finish channeling your searing ray.
Cardinal's ghost hits you.
You die...

>.).....#####⌠.⌠#####.#
..#####((...'.>.'.....#
..#.....#####⌠.⌠#####.#
..#.###.# ###'### ###
..#o##..# ###.###
..#.##.## #.#
..#.##.#### #.#######
###.##.#..## #.W...#.#
#........# ###@..#.#
#####......# ###.#.#
...........### ##...#
.#####.#.....# #....#
.# #.#.....# #....# .#
######### ##..#..# .#
#...#..# .######
##...#..# ......#
#..(##.##


You could see cardinal's ghost.

Vanquished Creatures
  An ice beast (D:3)
  An orc priest (D:3)
  A hound (D:4)
  A centaur skeleton (D:4)
  2 worker ants (D:4)
  6 adders
  3 oozes (D:2)
  4 dart slugs
  3 leopard geckos
  3 orcs
  7 bats
  7 giant cockroaches
  5 goblins
  5 hobgoblins
  3 jackals (D:2)
  5 kobolds
  3 quokkas
  4 ball pythons
  7 rats
71 creatures vanquished.

Notes
Turn   | Place    | Note
-------+----------+-------------------------------------------
     0 | D:1      | zishaf the Deep Elf Conjurer began the quest for the Orb.
     0 | D:1      | Reached XP level 1. HP: 10/10 MP: 6/6
   185 | D:1      | Reached XP level 2. HP: 15/15 MP: 6/8
   848 | D:2      | Reached XP level 3. HP: 19/19 MP: 6/10
  1247 | D:2      | Reached XP level 4. HP: 24/24 MP: 7/11
  1550 | D:2      | Reached skill level 5 in Conjurations
  1712 | D:3      | Found a stormy altar of Qazlal.
  1822 | D:3      | Reached XP level 5. HP: 16/28 MP: 2/13
  1951 | D:3      | Learned a level 2 spell: Searing Ray
  1956 | D:3      | Learned a level 4 spell: Iskenderun's Mystic Blast
  2065 | D:3      | Found a hazy altar of Hepliaklqana.
  2089 | D:3      | Noticed an ice beast
  2154 | D:3      | Killed an ice beast
  2697 | D:4      | Reached skill level 5 in Spellcasting
  2761 | D:4      | Reached XP level 6. HP: 27/32 MP: 9/15
  3297 | D:4      | Found a staircase to the Ecumenical Temple.
  3302 | Temple   | Entered the Ecumenical Temple
  3331 | Temple   | Became a worshipper of Vehumet
  3451 | D:4      | Found Pitso's Book Boutique.
  3464 | D:4      | Noticed cardinal's ghost (amateur DDBe)
  3761 | D:4      | HP: 1/32 [cardinal's ghost (9)]
  3762 | D:4      | Slain by cardinal's ghost

Skill      XL: |  1  2  3  4  5 |
---------------+----------------+-----
Stealth        | 3 4 |  4.4
Dodging        | 3 4 |  4.2
Spellcasting   | 4 5 |  5.6
Conjurations   | 5 |  5.9

Action                   |  1- 3 |  4- 6 || total
-------------------------+-------+-------++-------
 Cast: Magic Dart        |    67 |    93 ||   160
       Searing Ray       |       |     7 ||     7
       Iskenderun's Myst |       |     7 ||     7
  Eat: Chunk             |     1 |     5 ||     6
       Ration            |       |     1 ||     1
Armor: Robe              |     2 |     9 ||    11
Dodge: Dodged            |     7 |    22 ||    29
